 Dungeon Crawl Stone Soup version 0.25.1-2-g60ff931df9 (webtiles) character file.

Game seed: 10678432055181328626

3509 nikku the Thaumaturge (level 9, -1/45 HPs)
             Began as a Deep Elf Ice Elementalist on Nov 25, 2020.
             Was a Follower of Vehumet.
             Shot with an arrow by a centaur warrior (15 damage)
             ... on level 8 of the Dungeon.
             The game lasted 00:27:17 (10332 turns).

nikku the Thaumaturge (Deep Elf Ice Elementalist)  Turns: 10332, Time: 00:27:17

Health: -1/45      AC:  5    Str:  8    XL:     9   Next: 81%
Magic:  21/24      EV: 18    Int: 21    God:    Vehumet [*.....]
Gold:   439        SH:  0    Dex: 15    Spells: 15/27 levels left

rFire    x . .     SeeInvis .   l - +5 dagger (venom)
rCold    + . .     Gourm    .   (no shield)
rNeg     . . .     Faith    .   a - +0 robe
rPois    .         Spirit   .   q - +1 helmet
rElec    .         Reflect  .   m - +0 cloak
rCorr    .         Harm     .   (no gloves)
MR       .....                  (no boots)
Stlth    ++........             (no amulet)
HPRegen  0.15/turn              d - ring of ice
MPRegen  0.19/turn              (no ring)

@: frozen ramparts
A: no striking features
a: Renounce Religion


You were on level 8 of the Dungeon.
You worshipped Vehumet.
Vehumet was aware of your devotion.
You were not hungry.

You visited 2 branches of the dungeon, and saw 9 of its levels.

You collected 439 gold pieces.

Inventory:

Hand Weapons
 l - a +5 dagger of venom (weapon)
Missiles
 r - 106 stones (quivered)
Armour
 a - a +0 robe (worn)
 m - a +0 cloak (worn)
 q - a +1 helmet (worn)
Jewellery
 d - a ring of ice (left hand)
 A - a +4 ring of protection {unknown}
Wands
 i - a wand of digging (6)
 p - a wand of random effects (21)
 s - a wand of polymorph (11)
 u - a wand of iceblast (8)
 y - a wand of paralysis (8)
 B - a wand of acid (10)
Scrolls
 n - 2 scrolls of teleportation
 v - 3 scrolls of remove curse
 w - a scroll of magic mapping
Potions
 b - a potion of mutation
 e - 2 potions of invisibility
 f - 2 potions of brilliance
 g - a potion of lignification {unknown}
 h - 9 potions of curing
 j - 2 potions of heal wounds
 k - a potion of berserk rage {unknown}
 o - 2 potions of resistance {unknown}
 t - a potion of haste {unknown}
 x - a potion of might {unknown}
 C - 2 potions of magic {unknown}
Comestibles
 c - 9 rations
 z - 10 chunks of flesh


   Skills:
 + Level 8.6 Dodging
 - Level 2.4 Stealth
 + Level 9.6 Spellcasting
 + Level 4.8 Conjurations
 + Level 4.8 Summonings
 + Level 4.9 Translocations
 - Level 8.0 Ice Magic


You had 15 spell levels left.
You knew the following spells:

 Your Spells              Type           Power        Failure   Level  Hunger
a - Freeze                Ice            ####         1%          1    None
b - Iskenderun's Mystic   Conj/Tloc      ####....     9%          4    ##.....
c - Frozen Ramparts       Ice            ######       1%          3    None
d - Summon Ice Beast      Ice/Summ       ######..     4%          4    ##.....

Your spell library contained the following spells:

 Spells                   Type           Power        Failure   Level  Hunger
 Foxfire                  Conj/Fire      ###.         2%          1    None
 Apportation              Tloc           ####..       1%          1    None
 Summon Small Mammal      Summ           ####         1%          1    None
 Call Imp                 Summ           ####....     1%          2    None
 Call Canine Familiar     Summ           ####....     2%          3    None
 Lesser Beckoning         Tloc           ####......   2%          3    None
 Ozocubu's Armour         Chrm/Ice       #####...     4%          3    None
 Hailstorm                Conj/Ice       ######..     4%          4    ##.....
 Animate Skeleton         Necr           N/A          7%          1    None
 Corona                   Hex            ##.....      7%          1    None
 Portal Projectile        Hex/Tloc       ###...       8%          3    None
 Summon Guardian Golem    Hex/Summ       ###.....     8%          3    None
 Poisonous Vapours        Pois/Air       ##....       11%         2    None
 Summon Lightning Spire   Summ/Air       ###.....     24%         4    ##.....
 Disjunction              Tloc           ####......   100%        8    #######


Dungeon Overview and Level Annotations

Branches:
Dungeon (8/15)             Temple (1/1) D:7            Lair (0/6) D:8

Altars:
Cheibriados
Dithmenos
Elyvilon
Fedhas
Gozag
Hepliaklqana
Kikubaaqudgha
Makhleb
Nemelex Xobeh
Okawaru
Qazlal
Ru
Sif Muna
Uskayaw
Vehumet
Wu Jian
Xom
Yredelemnul
Zin
The Shining One


Message History

a +0 whip of electrocution; a +0 ring mail; a +0 dagger; a +0 robe an orc skeleton You open the door.
A centaur warrior comes into view.
The centaur warrior shouts!
The centaur warrior wields a +0 longbow.
The centaur warrior shoots an arrow.
The arrow hits you!!
Ouch! That really hurt!
Found 16 gold pieces and a chain mail.
There isn't anything to butcher here.
There's nothing to open nearby.
You close the door.
Casting: Frozen Ramparts (safe; 1% risk of failure)
Confirm with . or Enter, or press ? or * to list all spells.
You feel a surge of power!
The walls around you are covered in ice.
A centaur warrior opens the door.
The wall freezes the centaur warrior.
The centaur warrior shoots an arrow.
The arrow hits you!
You die...

...#####.. #.. .........#
#.# .........# #.#
.........# #.# .
.........#####.# .[.
................ ....#
.........#####.#
#...$.#######......#####.#
+....c'(.@................
#.....####.#######'#######
##### #.####...........
#....#.....#)####
#.##.#.....#.####
###.##.............
#..................
#..################
#.#)).....(.#


You could see a centaur warrior.

Vanquished Creatures
  A hornet (D:8)
  A hippogriff (D:7)
  Sigmund (D:6)
  A hungry ghost (D:7)
  Edmund (D:4)
  An orc warrior (D:8)
  A nameless horror (D:5)
  2 ice beasts
  2 sky beasts (D:8)
  2 ogres
  2 phantoms
  2 scorpions
  A howler monkey (D:8)
  A bullfrog zombie (D:6)
  A centaur zombie (D:3)
  2 centaur skeletons (D:8)
  3 hounds
  6 orc priests
  7 orc wizards
  A quasit (D:8)
  Jessica (D:2)
  Terence (D:2)
  2 iguanas (D:4)
  4 worker ants
  A hound zombie (D:5)
  2 hound skeletons
  Robin (D:2)
  4 gnolls
  9 adders
  A shadow imp (D:5)
  2 adder skeletons
  3 worms
  3 dart slugs
  6 leopard geckos
  21 orcs
  3 giant cockroaches
  10 hobgoblins
  6 jackals
  8 kobolds
  4 quokkas
  A ball python (D:2)
  A ball python skeleton (D:4)
  3 bats
  5 frilled lizards
  15 goblins
  2 leopard gecko skeletons
  A leopard gecko zombie (D:8)
  9 rats
168 creatures vanquished.

Vanquished Creatures (collateral kills)
  A two-headed ogre (D:8)
  An ice beast (D:7)
  2 phantoms
  A gnoll sergeant (D:8)
  A quasit (D:7)
  A worker ant zombie (D:8)
  3 gnolls (D:8)
  3 orcs (D:7)
  A ball python (D:6)
14 creatures vanquished.

Vanquished Creatures (others)
  A kobold (D:2)
  A plant (D:6)
2 creatures vanquished.

Grand Total: 184 creatures vanquished

Notes
Turn   | Place    | Note
-------+----------+-------------------------------------------
     0 | D:1      | nikku the Deep Elf Ice Elementalist began the quest for the
                  | Orb.
     0 | D:1      | Reached XP level 1. HP: 10/10 MP: 6/6
   329 | D:1      | Reached XP level 2. HP: 10/15 MP: 5/8
  1516 | D:2      | Reached XP level 3. HP: 19/19 MP: 7/10
  1521 | D:2      | Learned a level 3 spell: Frozen Ramparts
  1544 | D:2      | Noticed Jessica
  1550 | D:2      | Killed Jessica
  1550 | D:2      | Reached skill level 4 in Spellcasting
  1611 | D:2      | Reached skill level 5 in Ice Magic
  1735 | D:2      | Noticed Terence
  1742 | D:2      | Killed Terence
  1742 | D:2      | Reached XP level 4. HP: 24/24 MP: 6/12
  1965 | D:2      | Found a hazy altar of Hepliaklqana.
  2147 | D:2      | Noticed Robin
  2155 | D:2      | Killed Robin
  2432 | D:2      | Reached XP level 5. HP: 28/28 MP: 10/14
  2510 | D:2      | Found a burning altar of Makhleb.
  2512 | D:2      | Found a blossoming altar of Fedhas.
  3542 | D:3      | Reached skill level 5 in Spellcasting
  4142 | D:4      | Noticed Edmund
  4148 | D:4      | Killed Edmund
  4148 | D:4      | Reached skill level 5 in Dodging
  4148 | D:4      | Reached XP level 6. HP: 32/32 MP: 7/16
  4171 | D:4      | Reached skill level 6 in Spellcasting
  4581 | D:4      | Reached XP level 7. HP: 36/36 MP: 15/18
  4945 | D:4      | Found a sparkling altar of Nemelex Xobeh.
  5341 | D:5      | Entered Level 5 of the Dungeon
  5357 | D:5      | Learned a level 4 spell: Summon Ice Beast
  5516 | D:5      | Reached skill level 7 in Spellcasting
  5713 | D:5      | Noticed a nameless horror
  5719 | D:5      | Killed a nameless horror
  6249 | D:5      | Identified Sif Muna's Incunabulum of Translocation and
                  | Envenoming
  6282 | D:5      | Learned a level 4 spell: Iskenderun's Mystic Blast
  6921 | D:6      | Noticed Sigmund
  6929 | D:6      | Killed Sigmund
  6929 | D:6      | Reached skill level 1 in Conjurations
  6929 | D:6      | Reached skill level 1 in Summonings
  6929 | D:6      | Reached skill level 1 in Translocations
  6929 | D:6      | Reached XP level 8. HP: 32/41 MP: 14/21
  7181 | D:6      | Found a shimmering blue altar of Sif Muna.
  7807 | D:7      | Reached skill level 8 in Spellcasting
  8059 | D:7      | Found a basalt altar of Yredelemnul.
  8110 | D:7      | Found a staircase to the Ecumenical Temple.
  8137 | Temple   | Entered the Ecumenical Temple
  8371 | Temple   | Became a worshipper of Vehumet
  9160 | D:8      | Noticed a hornet
  9162 | D:8      | Noticed a hippogriff
  9168 | D:8      | Killed a hornet
  9168 | D:8      | Reached XP level 9. HP: 44/45 MP: 17/23
  9759 | D:8      | Noticed a two-headed ogre
  9769 | D:8      | Killed a two-headed ogre
  9769 | D:8      | Reached skill level 9 in Spellcasting
  9776 | D:8      | Reached * piety under Vehumet
  9776 | D:8      | Offered knowledge of Foxfire by Vehumet.
 10264 | D:8      | Found a staircase to the Lair.
 10328 | D:8      | Noticed a centaur warrior
 10332 | D:8      | Shot with an arrow by a centaur warrior

Illustrated notes

Levels and vault maps discovered:
D:1:      sevenhm_arrival_forest_fort_large_3, layout_basic
D:2:      layout_loops_ring, lemuel_round_altar, nicolae_overflow_hidden_temple,
          first_ration, lemuel_flame_loot_1, uniq_jessica, uniq_terence,
          uniq_robin
D:3:      layout_basic, minmay_quantized
D:4:      layout_basic, lemuel_coloured_pillars_altar, minivault_23, uniq_edmund
D:5:      layout_rooms
D:6:      layout_cave_pools, kennysheep_mini_moat, serial_bayou_pond_c,
          uniq_sigmund
D:7:      layout_gridville, overflow_temple_1_default,
          minmay_temple_entry_large_hall
D:8:      minmay_the_grid_triangle_9x9_recursive_2
          [minmay_the_grid_triangle_9x9_prize_schism,
          minmay_the_grid_triangle_9x9_negative_grid,
          minmay_the_grid_triangle_9x9_skeleton,
          minmay_the_grid_triangle_9x9_sprig], layout_basic, lair_entry_dummy
Temple:   minmay_temple_curvy_branch

Skill      XL: |  1  2  3  4  5  6  7  8  9 |
---------------+----------------------------+-----
Dodging        | 3 4 5 6 7 8 |  8.6
Spellcasting   | 4 5 6 7 8 9 |  9.6
Ice Magic      | 5 6 7 8 |  8.0
Conjurations   | 1 3 4 |  4.8
Summonings     | 1 3 4 |  4.8
Translocations | 1 3 4 |  4.9
Stealth        | |  2.4

Action                   |  1- 3 |  4- 6 |  7- 9 || total
-------------------------+-------+-------+-------++-------
Melee: Unarmed           |     1 |       |       ||     1
       Dagger            |     3 |    28 |   156 ||   187
       Whip              |     1 |       |       ||     1
Throw: Stone             |       |    14 |    24 ||    38
 Cast: Freeze            |    34 |    26 |    30 ||    90
       Frozen Ramparts   |     3 |    33 |    46 ||    82
       Summon Ice Beast  |       |       |    19 ||    19
  Use: Scroll            |     1 |     4 |    13 ||    18
       Potion            |       |       |     1 ||     1
 Stab: Sleeping          |     2 |     1 |     1 ||     4
  Eat: Chunk             |     2 |    11 |    13 ||    26
       Ration            |       |       |     3 ||     3
Armor: Robe              |     1 |    10 |    21 ||    32
Dodge: Dodged            |    12 |    39 |   122 ||   173
